| TOP OF THE 1ST |
|
Paris Cubs batting - Pitching for London Majors : LHP Raul Pimentel
|
|
Pitching: LHP Raul Pimentel
|
|
|
Batting: RHB Willie Rubio
|
0-0: Ball 1-0: Ball 2-0: Called Strike 2-1: Swinging Strike 2-2: Strikes out swinging
|
|
Batting: LHB Tyler Schuettler
|
0-0: Called Strike 0-1: Swinging Strike 0-2: Strikes out looking
|
|
Batting: LHB Zach Martin
|
0-0: Ball 1-0: Called Strike 1-1: Foul Ball, location: 2F 1-2: Strikes out looking
|
| Top of the 1st over - 0 runs, 0 hits, 0 errors, 0 left on base; Paris 0 - London 0 |
| BOTTOM OF THE 1ST |
|
London Majors batting - Pitching for Paris Cubs : RHP Chris P. Shephard
|
|
Pitching: RHP Chris P. Shephard
|
|
|
Batting: RHB Carlos Bravo
|
0-0: Ball 1-0: Swinging Strike 1-1: Fly out, F8 (Line Drive, 78M, EV 97.5 MPH)
|
|
Batting: SHB Steve Ramsey
|
0-0: Called Strike 0-1: Swinging Strike 0-2: Ball 1-2: Ball 2-2: Foul Ball, location: 2F 2-2: Strikes out swinging
|
|
Batting: RHB Cedric Nicholls
|
0-0: Ball 1-0: Fly out, F6 (Popup, 6M, EV 65.0 MPH)
|
| Bottom of the 1st over - 0 runs, 0 hits, 0 errors, 0 left on base; Paris 0 - London 0 |
| TOP OF THE 2ND |
|
Paris Cubs batting - Pitching for London Majors : LHP Raul Pimentel
|
|
Batting: LHB David Mendez
|
0-0: Ball 1-0: Called Strike 1-1: Foul Ball, location: 2F 1-2: Ground out 4-3 (Groundball, 4S, EV 82.5 MPH)
|
|
Batting: RHB Jesus Resendez
|
0-0: Called Strike 0-1: Swinging Strike 0-2: Foul Ball, location: 2F 0-2: Ball 1-2: Ball 2-2: Ball 3-2: Strikes out swinging
|
|
Batting: RHB Jason Banks
|
0-0: Ball 1-0: Ball 2-0: Swinging Strike 2-1: Called Strike 2-2: Foul Ball, location: 2F 2-2: Fly out, F8 (Flyball, 78D, EV 98.1 MPH)
|
| Top of the 2nd over - 0 runs, 0 hits, 0 errors, 0 left on base; Paris 0 - London 0 |
| BOTTOM OF THE 2ND |
|
London Majors batting - Pitching for Paris Cubs : RHP Chris P. Shephard
|
|
Batting: SHB Toby Patenaude
|
0-0: Ball 1-0: Swinging Strike 1-1: Ball 2-1: SINGLE (Flyball, 89S, EV 91.9 MPH)
|
|
Batting: RHB Cormackle Poohdatoot
|
0-0: Ball 1-0: Ball Toby Patenaude steals 2nd, throwing error, E2 Toby Patenaude to third 2-0: Ball 3-0: Called Strike 3-1: Swinging Strike 3-2: Strikes out swinging
|
|
Batting: RHB Tom Bergman
|
0-0: Foul Ball, location: 2F 0-1: Foul Ball, location: 2F 0-2: Ball 1-2: SINGLE (Groundball, 56, EV 85.6 MPH) (infield hit) Toby Patenaude scores
|
|
Batting: RHB Lewis O'Connell
|
0-0: Ball Tom Bergman steals 2nd base 1-0: Fly out, F8 (Flyball, 8RD, EV 104.4 MPH)
|
|
Batting: RHB Frank Pinksen
|
0-0: Called Strike 0-1: Ball 1-1: Ball 2-1: Ball 3-1: Base on Balls
|
|
Batting: RHB Jerry Perez
|
0-0: Called Strike 0-1: Ball 1-1: Fly out, F4 (Popup, 34S, EV 88.1 MPH)
|
| Bottom of the 2nd over - 1 run, 2 hits, 1 error, 2 left on base; Paris 0 - London 1 |
| TOP OF THE 3RD |
|
Paris Cubs batting - Pitching for London Majors : LHP Raul Pimentel
|
|
Batting: RHB Juan Tarin
|
0-0: Fly out, F7 (Flyball, 7LD, EV 98.8 MPH)
|
|
Batting: LHB Bobby Marlatt
|
0-0: Ball 1-0: Ball 2-0: Ball 3-0: Called Strike 3-1: Base on Balls
|
|
Batting: RHB Michihisa Tanaka
|
0-0: Called Strike 0-1: Foul Ball, location: 2F 0-2: Fly out, F8 (Flyball, 8RM, EV 81.2 MPH)
|
|
Batting: RHB Willie Rubio
|
0-0: Fly out, F8 (Flyball, 8LM, EV 90.0 MPH)
|
| Top of the 3rd over - 0 runs, 0 hits, 0 errors, 1 left on base; Paris 0 - London 1 |
| BOTTOM OF THE 3RD |
|
London Majors batting - Pitching for Paris Cubs : RHP Chris P. Shephard
|
|
Batting: RHB Carlos Bravo
|
0-0: Called Strike 0-1: Ball 1-1: Ball 2-1: Foul Ball, location: 2F 2-2: Foul Ball, location: 2F 2-2: Fly out, F9 (Flyball, 9LS, EV 93.1 MPH)
|
|
Batting: SHB Steve Ramsey
|
0-0: Ball 1-0: Ball 2-0: Ball 3-0: Base on Balls
|
|
Batting: RHB Cedric Nicholls
|
0-0: Grounds into double play, 4-6-3 (Groundball, 34, EV 90.6 MPH)
|
| Bottom of the 3rd over - 0 runs, 0 hits, 0 errors, 0 left on base; Paris 0 - London 1 |
| TOP OF THE 4TH |
|
Paris Cubs batting - Pitching for London Majors : LHP Raul Pimentel
|
|
Batting: LHB Tyler Schuettler
|
0-0: Ground out U3 (Groundball, 3L, EV 89.4 MPH)
|
|
Batting: LHB Zach Martin
|
0-0: Ball 1-0: Ball 2-0: Ground out 5-3 (Groundball, 56D, EV 88.1 MPH)
|
|
Batting: LHB David Mendez
|
0-0: Swinging Strike 0-1: Foul Ball, location: 2F 0-2: Foul Ball, location: 2F 0-2: Strikes out looking
|
| Top of the 4th over - 0 runs, 0 hits, 0 errors, 0 left on base; Paris 0 - London 1 |
| BOTTOM OF THE 4TH |
|
London Majors batting - Pitching for Paris Cubs : RHP Chris P. Shephard
|
|
Batting: SHB Toby Patenaude
|
0-0: Called Strike 0-1: Ball 1-1: Foul Ball, location: 2F 1-2: Strikes out swinging
|
|
Batting: RHB Cormackle Poohdatoot
|
0-0: Foul Ball, location: 2F 0-1: Ball 1-1: Swinging Strike 1-2: Strikes out swinging
|
|
Batting: RHB Tom Bergman
|
0-0: Ball 1-0: Ball 2-0: Ball 3-0: Called Strike 3-1: Base on Balls
|
|
Batting: RHB Lewis O'Connell
|
0-0: Ball Wild Pitch! Tom Bergman to second 1-0: Foul Ball, location: 2F 1-1: Called Strike 1-2: SINGLE (Groundball, 6MD, EV 95.6 MPH) Tom Bergman to third
|
|
Batting: RHB Frank Pinksen
|
0-0: Ball 1-0: Called Strike 1-1: Swinging Strike 1-2: Ball 2-2: Foul Ball, location: 2F 2-2: Foul Ball, location: 2F 2-2: Foul Ball, location: 2F 2-2: Fly out, F9 (Flyball, 89D, EV 87.5 MPH)
|
| Bottom of the 4th over - 0 runs, 1 hit, 0 errors, 2 left on base; Paris 0 - London 1 |
| TOP OF THE 5TH |
|
Paris Cubs batting - Pitching for London Majors : LHP Raul Pimentel
|
|
Batting: RHB Jesus Resendez
|
0-0: Ball 1-0: TRIPLE (Flyball, 78XD, EV 89.4 MPH)
|
|
Batting: RHB Jason Banks
|
0-0: Ball 1-0: Ball 2-0: Ground out 4-3 (Groundball, 4MS, EV 86.9 MPH) Jesus Resendez scores
|
|
Batting: RHB Juan Tarin
|
0-0: Ball 1-0: Swinging Strike 1-1: Swinging Strike 1-2: Strikes out swinging
|
|
Batting: LHB Bobby Marlatt
|
0-0: Ball 1-0: Ground out U3 (Groundball, 3, EV 104.4 MPH)
|
| Top of the 5th over - 1 run, 1 hit, 0 errors, 0 left on base; Paris 1 - London 1 |
| BOTTOM OF THE 5TH |
|
London Majors batting - Pitching for Paris Cubs : RHP Chris P. Shephard
|
|
Batting: RHB Jerry Perez
|
0-0: Ball 1-0: Fly out, F9 (Flyball, 9S, EV 71.9 MPH)
|
|
Batting: RHB Carlos Bravo
|
0-0: Called Strike 0-1: Foul Ball, location: 2F 0-2: Ball 1-2: Ball 2-2: Foul Ball, location: 2F 2-2: SINGLE (Groundball, 4, EV 95.6 MPH)
|
|
Batting: SHB Steve Ramsey
|
0-0: Swinging Strike 0-1: Foul Ball, location: 2F 0-2: Foul Ball, location: 2F 0-2: Strikes out swinging
|
|
Pitching: LHP Dusty Blubaugh
|
|
|
Batting: RHB Cedric Nicholls
|
0-0: Ball 1-0: Ball 2-0: Called Strike 2-1: SINGLE (Line Drive, 78S, EV 91.9 MPH) Carlos Bravo to second
|
|
Batting: SHB Toby Patenaude
|
0-0: Swinging Strike 0-1: Foul Ball, location: 2F 0-2: Foul Ball, location: 2F 0-2: Foul Ball, location: 2F 0-2: SINGLE (Line Drive, 8RS, EV 91.2 MPH) Carlos Bravo to third Cedric Nicholls to second Runner from 3rd tries for Home, SAFE, throw by CF to home
|
|
Batting: RHB Cormackle Poohdatoot
|
0-0: Foul Ball, location: 2F 0-1: Ball 1-1: Ball 2-1: Foul Ball, location: 2F 2-2: Strikes out swinging
|
| Bottom of the 5th over - 1 run, 3 hits, 0 errors, 2 left on base; Paris 1 - London 2 |
| TOP OF THE 6TH |
|
Paris Cubs batting - Pitching for London Majors : LHP Raul Pimentel
|
|
Batting: RHB Michihisa Tanaka
|
0-0: Called Strike 0-1: Foul Ball, location: 2F 0-2: Fly out, F8 (Flyball, 8LD, EV 100.6 MPH)
|
|
Batting: RHB Willie Rubio
|
0-0: Foul Ball, location: 2F 0-1: Fly out, F8 (Flyball, 8LD, EV 103.1 MPH)
|
|
Batting: LHB Tyler Schuettler
|
0-0: Foul Ball, location: 2F 0-1: Ball 1-1: Ball 2-1: Foul Ball, location: 2F 2-2: Strikes out swinging
|
| Top of the 6th over - 0 runs, 0 hits, 0 errors, 0 left on base; Paris 1 - London 2 |
| BOTTOM OF THE 6TH |
|
London Majors batting - Pitching for Paris Cubs : LHP Dusty Blubaugh
|
|
Batting: RHB Tom Bergman
|
0-0: DOUBLE (Line Drive, 7LS, EV 108.1 MPH)
|
|
Batting: RHB Lewis O'Connell
|
0-0: Ball 1-0: Foul Ball, location: 2F 1-1: Called Strike 1-2: Strikes out swinging
|
|
Batting: RHB Frank Pinksen
|
0-0: Ball 1-0: Ball 2-0: Called Strike 2-1: Swinging Strike 2-2: Foul Ball, location: 2F 2-2: Ball 3-2: Foul Ball, location: 2F 3-2: Foul Ball, location: 2F 3-2: Strikes out swinging
|
|
Pitching: RHP Kichijo Robinson
|
|
|
Batting: RHB Jerry Perez
|
0-0: Ball 1-0: Ball 2-0: Swinging Strike 2-1: SINGLE (Groundball, P, EV 89.4 MPH) (infield hit) Tom Bergman to third
|
|
Batting: RHB Carlos Bravo
|
0-0: Ball 1-0: Ball 2-0: Foul Ball, location: 2F 2-1: Fielders Choice at 2nd, 6-4 (Groundball, 6, EV 85.0 MPH)
|
| Bottom of the 6th over - 0 runs, 2 hits, 0 errors, 2 left on base; Paris 1 - London 2 |
| TOP OF THE 7TH |
|
Paris Cubs batting - Pitching for London Majors : LHP Raul Pimentel
|
|
Now in LF: Carlos Bravo
|
|
|
Now in RF: Jessie Stewart
|
|
|
Batting: LHB Zach Martin
|
0-0: Called Strike 0-1: Foul Ball, location: 2F 0-2: Ball 1-2: Strikes out looking
|
|
Batting: LHB David Mendez
|
0-0: Foul Ball, location: 2F 0-1: Called Strike 0-2: Ball 1-2: Ball 2-2: Foul Ball, location: 2F 2-2: SINGLE (Groundball, 6, EV 104.4 MPH)
|
|
Pinch Hitting: RHB Mike Snider
|
0-0: Foul Ball, location: 2F 0-1: Grounds into double play, 6-4-3 (Groundball, 6, EV 83.1 MPH)
|
| Top of the 7th over - 0 runs, 1 hit, 0 errors, 0 left on base; Paris 1 - London 2 |
| BOTTOM OF THE 7TH |
|
London Majors batting - Pitching for Paris Cubs : RHP Kichijo Robinson
|
|
Now in RF: Mike Snider
|
|
|
Batting: SHB Steve Ramsey
|
0-0: Ball 1-0: Foul Ball, location: 2F 1-1: Ball 2-1: SINGLE (Line Drive, 4MD, EV 98.8 MPH)
|
|
Batting: LHB Edwin Esparza
|
0-0: Foul Ball, location: 2F 0-1: Foul Ball, location: 2F 0-2: Foul Ball, location: 2F 0-2: Ball 1-2: Foul Ball, location: 2F 1-2: Ball 2-2: Ball 3-2: Fielders Choice at 2nd, 3-6 (Groundball, 3, EV 81.2 MPH)
|
|
Batting: SHB Toby Patenaude
|
0-0: Ball 1-0: Called Strike 1-1: Called Strike 1-2: Strikes out swinging
|
|
Pinch Hitting: SHB Mike Fermin
|
0-0: Fielders Choice at 2nd, 6-4 (Groundball, 6, EV 81.9 MPH)
|
| Bottom of the 7th over - 0 runs, 1 hit, 0 errors, 1 left on base; Paris 1 - London 2 |
| TOP OF THE 8TH |
|
Paris Cubs batting - Pitching for London Majors : LHP Raul Pimentel
|
|
Now at 1B: Joy-shan Li
|
|
|
Batting: RHB Jason Banks
|
0-0: Called Strike 0-1: Ball 1-1: Ball 2-1: Fly out, F8 (Flyball, 8RD, EV 100.0 MPH)
|
|
Batting: RHB Juan Tarin
|
0-0: Ball 1-0: Fly out, F8 (Line Drive, 8LM, EV 96.9 MPH)
|
|
Batting: LHB Bobby Marlatt
|
0-0: Ball 1-0: Ball 2-0: Ball 3-0: Base on Balls
|
|
Batting: RHB Michihisa Tanaka
|
0-0: Ball 1-0: Ball 2-0: Ball 3-0: Base on Balls Bobby Marlatt to second
|
|
Batting: RHB Willie Rubio
|
0-0: Called Strike 0-1: Swinging Strike 0-2: Foul Ball, location: 2F 0-2: Ball 1-2: Strikes out looking
|
| Top of the 8th over - 0 runs, 0 hits, 0 errors, 2 left on base; Paris 1 - London 2 |
| BOTTOM OF THE 8TH |
|
London Majors batting - Pitching for Paris Cubs : RHP Kichijo Robinson
|
|
Batting: LHB Jessie Stewart
|
0-0: Ball 1-0: Ball 2-0: Called Strike 2-1: Swinging Strike 2-2: Ball 3-2: Base on Balls
|
|
Pitching: RHP Tyler McCoy
|
|
|
Pinch Hitting: RHB Chad Colyer
|
0-0: Foul Ball, location: 2F 0-1: Bunt missed! 0-2: Ball 1-2: Ball 2-2: Ball 3-2: Base on Balls Jessie Stewart to second
|
|
Pinch Hitting: RHB Mel Bohorquez
|
0-0: Fly out, F9 (Flyball, 9D, EV 106.9 MPH) Runner from 2nd tags up, SAFE at 3rd, no throw by RF
|
|
Pinch Hitting: RHB Brandon Williams
|
0-0: Ball 1-0: Foul Ball, location: 2F 1-1: Fly out, F8 (Flyball, 8LD, EV 100.0 MPH) Runner from 3rd tags up, SCORES, throw by CF
|
|
Batting: RHB Carlos Bravo
|
0-0: Ball 1-0: Called Strike 1-1: Ball Passed Ball! Chad Colyer to second 2-1: SINGLE (Groundball, 4MD, EV 102.5 MPH) Chad Colyer to third Runner from 3rd tries for Home, SAFE, throw by CF to home
|
|
Batting: SHB Steve Ramsey
|
0-0: Ground out 1-3 (Groundball, P, EV 67.5 MPH)
|
| Bottom of the 8th over - 2 runs, 1 hit, 0 errors, 1 left on base; Paris 1 - London 4 |
| TOP OF THE 9TH |
|
Paris Cubs batting - Pitching for London Majors : LHP Raul Pimentel
|
|
Pitching: LHP Jim Sabin
|
|
|
Now at C: Harry Torres
|
|
|
Now at 3B: Manny Corral
|
|
|
Now at SS: Hanley Hernandez
|
|
|
Batting: LHB Tyler Schuettler
|
0-0: Called Strike 0-1: Swinging Strike 0-2: Strikes out swinging
|
|
Batting: LHB Zach Martin
|
0-0: Called Strike 0-1: Ball 1-1: Reached on error, E3 (Groundball, 3, EV 105.6 MPH)
|
|
Batting: LHB David Mendez
|
0-0: Ball 1-0: Ball 2-0: Foul Ball, location: 2F 2-1: Swinging Strike 2-2: Ball 3-2: Strikes out swinging
|
|
Batting: RHB Mike Snider
|
0-0: Ball 1-0: Fielders Choice at 2nd, 6-4 (Groundball, 6, EV 107.5 MPH)
|
| Top of the 9th over - 0 runs, 0 hits, 1 error, 1 left on base; Paris 1 - London 4 |
|